 Dungeon Crawl Stone Soup version 0.19-b1-5-gdc9fa9d (webtiles) character file.

273 Kullungy the Chopper (level 6, -14/52 HPs)
             Began as a Draconian Abyssal Knight on Oct 31, 2016.
             Was a Follower of Lugonu.
             Engulfed by a cloud of flame (19 damage)
             ... on level 3 of the Dungeon on Nov 1, 2016.
             The game lasted 00:11:10 (1631 turns).

Kullungy the Chopper (Draconian Abyssal Knight)     Turns: 1631, Time: 00:11:10

Health: -14/52     AC: 12    Str: 16    XL:     6   Next: 3%
Magic:  7/7        EV:  8    Int: 13    God:    Lugonu [*.....]
Gold:   27         SH: 12    Dex: 10    Spells: 0 memorised, 5 levels left

rFire  . . .     SeeInvis .     a - +2 hand axe
rCold  . . .     Gourm    .     (armour unavailable)
rNeg   . . .     Faith    .     m - +0 large shield
rPois  .         Spirit   .     (helmet restricted)
rElec  .         Reflect  .     y - +0 cloak
rCorr  .         Harm     +     T - +1 pair of gloves
MR     .....                    p - +2 pair of boots
Stlth  +.........               l - amulet of harm
                                (no ring)
                                (no ring)

@: very slightly contaminated, hasted (expiring), very quick
A: unfitting armour, cold-blooded, AC +6
a: Depart the Abyss, Renounce Religion


You were on level 3 of the Dungeon.
You worshipped Lugonu.
Lugonu was aware of your devotion.
You were full.

You visited 1 branch of the dungeon, and saw 3 of its levels.
You visited the Abyss 1 time.

You collected 27 gold pieces.

Inventory:

Hand Weapons
 a - a +2 hand axe (weapon)
 f - a +0 hunting sling
 u - a +0 short sword
 U - a +3 dagger
Missiles
 e - 74 stones (quivered)
 g - 22 bolts
 s - 24 sling bullets
 x - 3 poisoned needles
 A - 14 arrows
Armour
 m - a +0 large shield (worn)
 p - a +2 pair of boots (worn)
 y - a +0 cloak (worn)
 H - a +0 pair of boots
 T - a +1 pair of gloves (worn)
Jewellery
 l - an amulet of harm (around neck)
Scrolls
 h - a scroll of remove curse
 B - a scroll of immolation
Potions
 d - a potion of ambrosia
 n - a potion of haste
 C - a potion of flight
 E - 2 potions of curing
 F - a potion of magic
 J - a potion of resistance
Comestibles
 b - 2 bread rations
 o - 4 fruits
 z - 10 chunks of flesh
 D - a royal jelly
 Q - a meat ration
 R - a slice of pizza


   Skills:
 + Level 4.0 Fighting
 + Level 4.1 Axes
 + Level 3.1 Dodging
 + Level 1.0 Stealth
 * Level 2.8 Shields
 + Level 2.1 Invocations


You had 5 spell levels left.
You didn't know any spells.

Dungeon Overview and Level Annotations

Branches:
Dungeon (3/15)

Altars:
Nemelex Xobeh
The Shining One


Innate Abilities, Weirdness & Mutations

Your plain brown scales are hard. (AC +6)
You cannot fit into any form of body armour.
You are cold-blooded and may be slowed by cold attacks.


Message History

Gruud's ghost explodes!
The fiery explosion engulfs the orc.
You kill the orc!
Lugonu accepts your kill. The fiery explosion engulfs you!
Ouch! That really hurt!
* * * LOW HITPOINT WARNING * * *
Lugonu accepts your kill.
Your Fighting skill increases to level 4!
Your Axes skill gained 2 levels and is now at level 4!
Your Dodging skill increases to level 3!
Your Stealth skill increases to level 1!
Your Shields skill increases to level 2!
You have reached level 5!
You have reached level 6!
Your experience leads to an increase in your attributes!
Increase (S)trength, (I)ntelligence, or (D)exterity?
You feel stronger.
Your scales feel tougher.
You are engulfed in roaring flames.
You die...

#.##..# #. #.##..#
#..# #. #.##..#
#..# #. #.##..#
#..# #. #.##†.# #..
.. #.##..# #.# #.
#)##..#######.####.
#.##..........#....
#§@.....[..........
####.....<.........
###########.....
##...# #####


There were no monsters in sight!

Vanquished Creatures
  The ghost of Gruud the Chucker, an amateur DsHu (D:3)
  Jessica (D:2)
  An adder (D:2)
  A dart slug (D:3)
  A leopard gecko (D:2)
  2 orcs (D:3)
  5 bats
  4 giant cockroaches
  3 goblins
  4 hobgoblins
  9 jackals
  A quokka (D:3)
  3 frilled lizards
  4 kobolds (D:1)
  3 rats (D:2)
43 creatures vanquished.

Notes
Turn   | Place    | Note
-------+----------+-------------------------------------------
     0 | Abyss:1  | Kullungy the Draconian Abyssal Knight began the quest for the Orb.
     0 | Abyss:1  | Reached XP level 1. HP: 19/19 MP: 2/2
    27 | Abyss:1  | Noticed a large abomination
    36 | Abyss:2  | Noticed a starcursed mass
    41 | D:1      | Escaped the Abyss
   265 | D:1      | Reached XP level 2. HP: 24/26 MP: 3/3
   994 | D:2      | Reached skill level 1 in Shields
  1181 | D:2      | Found a sparkling altar of Nemelex Xobeh.
  1181 | D:2      | Noticed Jessica
  1184 | D:2      | Killed Jessica
  1184 | D:2      | Reached XP level 3. HP: 33/33 MP: 4/4
  1276 | D:2      | Found a glowing golden altar of the Shining One.
  1417 | D:3      | Reached XP level 4. HP: 40/40 MP: 5/5
  1419 | D:3      | Reached * piety under Lugonu
  1560 | D:3      | Noticed Gruud's ghost (amateur DsHu)
  1631 | D:3      | Killed Gruud's ghost
  1631 | D:3      | Reached skill level 1 in Stealth
  1631 | D:3      | Reached XP level 5. HP: 4/46 MP: 6/6
  1631 | D:3      | Reached XP level 6. HP: 5/52 MP: 7/7
  1631 | D:3      | Engulfed by a cloud of flame

Skill      XL: |  1  2  3  4 |
---------------+-------------+-----
Shields        | 1 2 |  2.8
Fighting       | 4 |  4.0
Axes           | 4 |  4.1
Dodging        | 3 |  3.1
Stealth        | 1 |  1.0
Invocations    | |  2.1

Action                   |  1- 3 |  4- 6 || total
-------------------------+-------+-------++-------
Melee: Hand axe          |    93 |    57 ||   150
       Tailslap          |     9 |     6 ||    15
Invok: Depart the Abyss  |     1 |       ||     1
  Use: Scroll            |       |    11 ||    11
       Potion            |       |     3 ||     3
  Eat: Meat ration       |       |     1 ||     1
       Fruit             |       |     1 ||     1
       Chunk             |       |     1 ||     1
Armor: Skin              |    31 |    26 ||    57
Dodge: Dodged            |    36 |    27 ||    63
Block: Large shield      |    54 |    45 ||    99
